 Seeded DCSS version 0.30.1-9-gdf580d7c3d (webtiles) character file.

Game seed: 701750224110604655 (custom seed)

22 Psyclone the Conjurer (level 2, 15/15 HPs)
             Began as a Deep Elf Conjurer on Sept 29, 2023.
             Quit the game on level 1 of the Dungeon.
             The game lasted 00:00:55 (784 turns).

Psyclone the Conjurer (Deep Elf Conjurer)            Turns: 784, Time: 00:00:56

Health: 15/15      AC:  2    Str:  4    XL:     2   Next: 68%
Magic:  8/8        EV: 12    Int: 22    God:
Gold:   46         SH:  0    Dex: 13    Spells: 6/7 levels left

rFire   . . .        (no weapon)
rCold   . . .        (no shield)
rNeg    . . .        a - +0 robe
rPois   .            (no helmet)
rElec   .            (no cloak)
rCorr   .            (no gloves)
SInv    .            (no boots)
Will    .....        (no amulet)
Stlth   ++           (no ring)
HPRegen 0.22/turn    (no ring)
MPRegen 0.11/turn

%: no passive effects
@: no status effects
A: no striking features
a: no special abilities


You were on level 1 of the Dungeon.
You visited 1 branch of the dungeon, and saw 1 of its levels.

You collected 46 gold pieces.

Inventory:

Armour
 a - a +0 robe (worn)
Jewellery
 i - a ring of positive energy
Scrolls
 c - a scroll of immolation {unknown}
 e - a scroll of teleportation {unknown}
 h - a scroll of brand weapon {unknown}
Potions
 b - a potion of magic
 d - a potion of might {unknown}
 f - a potion of resistance {unknown}
 g - a potion of brilliance {unknown}


   Skills:
 + Level 2.9 Dodging
 + Level 3.0 Stealth
 + Level 3.4 Spellcasting
 + Level 4.6 Conjurations


You had 6 spell levels left.
You knew the following spells:

 Your Spells              Type           Power      Damage    Failure   Level
a - Magic Dart            Conj           96%        1d7       1%          1

Your spell library contained the following spells:

 Spells                   Type           Power      Damage    Failure   Level
 Searing Ray              Conj           48%        2d6       2%          2
 Dazzling Flash           Conj/Hex       26%        N/A       14%         3
 Fulminant Prism          Conj/Hex       6%         3d6       41%         4
 Iskenderun's Mystic Bla  Conj/Tloc      13%        2d5       41%         4


Dungeon Overview and Level Annotations

Branches:
Dungeon (1/15) Zot: 5216

Altars:

Shops:
D:1 =


Message History

Press: ? - help, Shift-Dir - straight line, f/p - dart slug
Aim: a dart slug (heavily wounded, 100% to hit)
The magic dart hits the dart slug!
You kill the dart slug!
Your Stealth skill increases to level 3!
You now have 5/8 mp.
Casting: Magic Dart (safe; 1% risk of failure)
Confirm with . or Enter, or press ? or * to list all spells.
You can't see any susceptible monsters within range! (Use Z to cast anyway.) Unknown command.
Casting: Magic Dart (safe; 1% risk of failure)
Confirm with . or Enter, or press ? or * to list all spells.
You can't see any susceptible monsters within range! (Use Z to cast anyway.) Unknown command.
Casting: Magic Dart (safe; 1% risk of failure)
Confirm with . or Enter, or press ? or * to list all spells.
You can't see any susceptible monsters within range! (Use Z to cast anyway.) Unknown command.
Found Dumaxi's Jewellery Emporium.
MP restored: 8 Unknown command.
Casting: Magic Dart (safe; 1% risk of failure)
Confirm with . or Enter, or press ? or * to list all spells.
You can't see any susceptible monsters within range! (Use Z to cast anyway.) Unknown command.
Casting: Magic Dart (safe; 1% risk of failure)
Confirm with . or Enter, or press ? or * to list all spells.
You can't see any susceptible monsters within range! (Use Z to cast anyway.) Unknown command.
Casting: Magic Dart (safe; 1% risk of failure)
Confirm with . or Enter, or press ? or * to list all spells.
You can't see any susceptible monsters within range! (Use Z to cast anyway.) Unknown command.
Casting: Magic Dart (safe; 1% risk of failure)
Confirm with . or Enter, or press ? or * to list all spells.
You can't see any susceptible monsters within range! (Use Z to cast anyway.)
i - a ring of positive energy
There is an entrance to Dumaxi's Jewellery Emporium here.
Unknown command.
Are you sure you want to abandon this character and quit the game? (Confirm with "yes".)

.##.###..## .# #.## ##.#
###.# #..# # #..###.## # #.#
#..# #.#.#.## ###.###..#
#.#..## ..>......# #.#.##
###.####.## #.#.#
.....)..... #.#.#
###.####.###.###########.#.#
#.####........@........#.#
###..........###..#.######.#
............ .....#.# #.#
###################.. ..#
####


There were no monsters in sight!

Vanquished Creatures
  2 dart slugs (D:1)
  3 bats (D:1)
  An endoplasm (D:1)
  3 goblins (D:1)
  A hobgoblin (D:1)
  4 kobolds (D:1)
  A quokka (D:1)
  A frilled lizard (D:1)
  A rat (D:1)
17 creatures vanquished.

Notes
Turn   | Place    | Note
-------+----------+-------------------------------------------
     0 | D:1      | Psyclone the Deep Elf Conjurer began the quest for the Orb.
     0 | D:1      | Reached XP level 1. HP: 10/10 MP: 6/6
   174 | D:1      | Reached XP level 2. HP: 15/15 MP: 2/8
   775 | D:1      | Found Dumaxi's Jewellery Emporium.
   784 | D:1      | Quit the game

Illustrated notes

Levels and vault maps discovered:
D:1:      dpeg_arrival_orchard, layout_loops_ring, serial_shops, shop

Skill      XL: |  1  2 |
---------------+-------+-----
Stealth        | 3 |  3.0
Dodging        | |  2.9
Spellcasting   | |  3.4
Conjurations   | |  4.6

Action                     || total
---------------------------++-------
   Cast: Magic Dart        ||    32
 Armour: Robe              ||     1
  Dodge: Dodged            ||     1
